 Dungeon Crawl Stone Soup version 0.31.0-12-g77e489cdc1 (webtiles) character file.

Game seed: 12859498361311718166

4528 gelatine the Trooper (level 10, 0/76 HPs)
             Began as a Djinni Fire Elementalist on Feb 1, 2024.
             Slain by a +1 spear of chaos (4 damage)
             ... while petrified by a +1 spear of chaos
             ... on level 8 of the Dungeon on Feb 22, 2024.
             The game lasted 00:19:56 (6621 turns).

gelatine the Trooper (Djinni Fire Elementalist)     Turns: 6621, Time: 00:19:56

Health: 0/76       AC:  7    Str:  7    XL:     10   Next: 66%
Gold:   285        EV:  2    Int: 21    God:
                   SH:  0    Dex: 14

rFire   + + .        n - +7 Throatcutter {drain, coup de grace}
rCold   x . .        (no shield)
rNeg    + + +        D - +0 steam dragon scales
rPois   ∞            p - +0 helmet
rElec   .            u - +0 cloak
rCorr   .            (no gloves)
SInv    .            (boots unavailable)
Will    +....        (no amulet)
Stlth   +++          m - +5 ring of evasion
HPRegen 0.32/turn    (no ring)
MPRegen 0.00/turn

%: infuse magic (-1 HP)
@: mighty, petrified, flying
A: sickness immunity, fire resistance 2, cold vulnerability 1, float, innate
caster, HP casting, extra vitality 1
a: no special abilities


You were on level 8 of the Dungeon.
You visited 1 branch of the dungeon, and saw 7 of its levels.
You also visited: Ossuary.

You collected 285 gold pieces.

Inventory:

Hand Weapons
 n - the +7 Throatcutter (weapon) {drain, coup de grace}
   (You took it off Terence on level 3 of the Dungeon)
Missiles
 h - 11 poisoned darts
 s - a throwing net
 H - 4 boomerangs
Armour
 a - a +0 robe
 i - the +1 robe of the Arena {rC- rCorr Str+7 Dex-4}
   (You found it on level 2 of the Dungeon)

   Str+7:     It affects your strength (+7).
   Dex-4:     It affects your dexterity (-4).
   rC-:       It makes you vulnerable to cold.
   rCorr:     It protects you from acid and corrosion.
 o - a +1 scale mail of cold resistance
 p - a +0 helmet (worn)
 u - a +0 cloak (worn)
 D - +0 steam dragon scales (worn)
 G - +0 swamp dragon scales
Jewellery
 m - a +5 ring of evasion (left hand)
Wands
 C - a wand of iceblast (11)
 F - a wand of flame (16)
 I - a wand of charming (6)
 K - a wand of polymorph (9)
Scrolls
 b - 2 scrolls of amnesia {unknown}
 d - 3 scrolls of noise {unknown}
 j - 2 scrolls of teleportation {unknown}
 k - a scroll of poison {unknown}
 l - a scroll of enchant weapon {unknown}
 r - a scroll of fear {unknown}
 t - 6 scrolls of fog {unknown}
 y - a scroll of immolation {unknown}
 J - a scroll of torment {unknown}
Potions
 c - a potion of lignification
 e - a potion of brilliance
 f - 3 potions of might
 g - a potion of cancellation
 q - 2 potions of curing
 v - 3 potions of mutation
 w - 4 potions of heal wounds
 x - 2 potions of ambrosia
 z - a potion of degeneration
 A - 2 potions of haste {unknown}
 B - 2 potions of resistance {unknown}
 E - a potion of attraction {unknown}


   Skills:
 * Level 7.8 Fighting
 * Level 5.2 Long Blades
 + Level 5.5 Dodging
 + Level 4.3 Stealth
 * Level 7.7 Spellcasting
 * Level 7.7 Conjurations
 * Level 7.7 Hexes
 * Level 7.7 Summonings
 * Level 7.7 Necromancy
 * Level 7.7 Translocations
 * Level 7.7 Fire Magic
 * Level 7.7 Ice Magic
 * Level 7.7 Air Magic
 * Level 7.7 Earth Magic
 * Level 7.7 Alchemy


You knew the following spells:

 Your Spells              Type           Power      Damage    Failure   Level
a - Foxfire               Conj/Fire      100%       2x1d9     1%          1
b - Scorch                Fire           80%        2d8       1%          2
c - Volatile Blastmotes   Fire/Tloc      80%        2d16      1%          3
d - Inner Flame           Hex/Fire       40%        N/A       1%          3
e - Flame Wave            Conj/Fire      40%        2d11      3%          4
f - Freeze                Ice            100%       1d10      1%          1
g - Call Imp              Summ           80%        N/A       1%          2
h - Dazzling Flash        Conj/Hex       80%        N/A       1%          3
i - Vhi's Electric Charg  Tloc/Air       80%        N/A       3%          4
Your spell library was empty.

Dungeon Overview and Level Annotations

Branches:
Dungeon (8/15)               Lair (0/5) D:8         Ossuary (visited)
 Temple: D:4-7

Altars:
Ashenzari
Makhleb
Qazlal
Xom

Annotations:
D:8 VoidStrider's ghost, novice TeAE


Innate Abilities, Weirdness & Mutations

You are immune to sickness and miasma.
You are immune to poison.
Your flesh is very heat resistant. (rF++)
You are vulnerable to cold. (rC-)
You float through the air rather than walking.
You learn spells naturally, not from books.
Your magical power is your life essence.
You have superior vitality. (+4 MHP)


Message History

The +1 spear of chaos hits you from afar!
VoidStrider's ghost hits you but does no damage.
Your limbs are stiffening.
The cloud of blastmotes explodes!
The concussive blast engulfs VoidStrider's ghost!
VoidStrider's ghost is moderately damaged.
The concussive blast engulfs you. You resist.
You are knocked back by the blast.
You have turned to stone.
VoidStrider's ghost hits you but does no damage.
You are electrocuted!
The +1 spear of chaos hits you from afar.
You feel very mighty all of a sudden.
The +1 spear of chaos hits you from afar!
VoidStrider's ghost hits you.
You are electrocuted!
The +1 spear of chaos hits you from afar.
The +1 spear of chaos burns you.
The +1 spear of chaos hits you from afar.
The +1 spear of chaos freezes you.
VoidStrider's ghost hits you but does no damage.
The +1 spear of chaos hits you from afar!
* * * LOW HITPOINT WARNING * * *
You are electrocuted!
* * * LOW HITPOINT WARNING * * *
The +1 spear of chaos hits you from afar!
* * * LOW HITPOINT WARNING * * *
VoidStrider's ghost says, "You must not fail where I succeeded!"
VoidStrider's ghost waves its arms in wide circles.
The air twists around and strikes you!
* * * LOW HITPOINT WARNING * * *
The +1 spear of chaos hits you but does no damage.
The +1 spear of chaos hits you from afar.
* * * LOW HITPOINT WARNING * * *
VoidStrider's ghost hits you.
* * * LOW HITPOINT WARNING * * *
The +1 spear of chaos hits you from afar.
* * * LOW HITPOINT WARNING * * *
VoidStrider's ghost hits you.
* * * LOW HITPOINT WARNING * * *
The +1 spear of chaos hits you from afar!
You die...

#####.##### ####..########.###
###.### #..)..........# #.....#
##.########.#.# ##.....# ##'##
#.#.## #......# ##...## #.....
####.#....# ##.....## ###.##
#..._.....## ##.......## ##..##
#.##.#.....####.........####....#
..............'.@W(.....'.......#
######.....####..##'##..####....#
##.#.## ##.#._$#.## ##.#.# #.###
####.#### ###.# #.# #### ####.#
#.# ##'.#######..... #.#
##...............
#.#########.....###.....#.#
#...>.....#..#...≈...#..#..


You could see a +1 spear of chaos and VoidStrider's ghost.

Vanquished Creatures
  Maggie (D:7)
  Grinder (D:3)
  Prince Ribbit (D:8)
  A wyvern (D:7)
  6 yaks
  3 steam dragons
  2 orc warriors
  An ice beast (D:7)
  A sky beast (D:6)
  4 black bears
  4 centaurs
  A weeping skull (Ossuary)
  A bullfrog (D:8)
  A water moccasin zombie (Ossuary)
  7 wights (D:8)
  6 howler monkeys
  A hound (D:6)
  2 jellies
  2 orc priests
  A spectral scorpion (Ossuary)
  Jessica (D:3)
  An iguana (D:7)
  2 sleepcaps
  Terence (D:3)
  2 orc wizards
  A crocodile zombie (Ossuary)
  2 mummies (Ossuary)
  7 gnolls
  5 adders
  A shadow imp (D:7)
  A white imp (D:6)
  2 ufetubi (D:6)
  3 adder zombies (Ossuary)
  2 dart slugs
  A ribbon worm (D:3)
  16 orcs
  5 ball pythons
  11 endoplasms
  3 giant cockroaches
  12 gnoll zombies (Ossuary)
  9 goblins
  10 hobgoblins
  3 quokkas (D:4)
  6 bats
  6 frilled lizards
  3 jackal zombies (Ossuary)
  6 kobolds
  5 orc zombies (Ossuary)
  7 rats
181 creatures vanquished.

Vanquished Creatures (others)
  496 foxfires
496 creatures vanquished.

Grand Total: 677 creatures vanquished

Notes
Turn   | Place    | Note
-------+----------+-------------------------------------------
     0 | D:1      | gelatine the Djinni Fire Elementalist began the quest for
                  | the Orb.
     0 | D:1      | gelatine set off with the following spells memorised:
                  | Foxfire, Scorch, Volatile Blastmotes, Inner Flame, Flame
                  | Wave.
     0 | D:1      | Reached XP level 1. HP: 15/15 MP: 0/0
   236 | D:1      | Reached XP level 2. HP: 19/21 MP: 0/0
   583 | D:1      | Reached XP level 3. HP: 24/25 MP: 0/0
   583 | D:1      | Learned a level 1 spell: Freeze
  1228 | D:2      | Identified the +1 robe of the Arena {rC- rCorr Str+7 Dex-4}
  1580 | D:2      | Reached XP level 4. HP: 28/31 MP: 0/0
  1843 | D:3      | Noticed Jessica
  1845 | D:3      | Killed Jessica
  1846 | D:3      | Reached XP level 5. HP: 29/35 MP: 0/0
  1846 | D:3      | Learned a level 2 spell: Call Imp
  1848 | D:3      | Noticed Terence
  1854 | D:3      | Killed Terence
  2033 | D:3      | Noticed Grinder
  2035 | D:3      | Paralysed by Grinder for 4 turns
  2042 | D:3      | Reached XP level 6. HP: 16/41 MP: 0/0
  2044 | D:3      | HP: 2/41 [Grinder (5)]
  2062 | D:3      | Paralysed by Grinder for 4 turns
  2199 | D:3      | Paralysed by Grinder for 2 turns
  2208 | D:3      | Killed Grinder
  2209 | D:3      | Reached skill level 1 in Fighting
  2209 | D:3      | Reached XP level 7. HP: 29/47 MP: 0/0
  2209 | D:3      | Learned a level 3 spell: Dazzling Flash
  2719 | D:4      | Found a broken altar of Ashenzari.
  2848 | D:4      | You are sucked into a shaft and drop 2 floors!
  2873 | D:6      | Found a sand-covered staircase.
  2878 | Ossuary  | Entered an ossuary
  3308 | Ossuary  | Reached XP level 8. HP: 34/55 MP: 0/0
  3564 | D:6      | Reached skill level 5 in Spellcasting
  3564 | D:6      | Reached skill level 5 in Conjurations
  3564 | D:6      | Reached skill level 5 in Hexes
  3564 | D:6      | Reached skill level 5 in Summonings
  3564 | D:6      | Reached skill level 5 in Necromancy
  3564 | D:6      | Reached skill level 5 in Translocations
  3564 | D:6      | Reached skill level 5 in Fire Magic
  3564 | D:6      | Reached skill level 5 in Ice Magic
  3564 | D:6      | Reached skill level 5 in Air Magic
  3564 | D:6      | Reached skill level 5 in Earth Magic
  3564 | D:6      | Reached skill level 5 in Alchemy
  3959 | D:6      | Reached XP level 9. HP: 28/63 MP: 0/0
  3959 | D:6      | Learned a level 4 spell: Vhi's Electric Charge
  4119 | D:6      | Found a stormy altar of Qazlal.
  4328 | D:6      | Reached skill level 5 in Dodging
  4399 | D:6      | Upgraded the game from 0.31.0-11-ge490571c62 to
                  | 0.31.0-12-g77e489cdc1
  4500 | D:7      | Reached skill level 5 in Fighting
  4821 | D:7      | Noticed Maggie
  4831 | D:7      | Killed Maggie
  5463 | D:8      | Reached XP level 10. HP: 35/73 MP: 0/0
  5708 | D:8      | Found a staircase to the Lair.
  5750 | D:8      | Found a burning altar of Makhleb.
  5832 | D:8      | Found a runed translucent door.
  5833 | D:8      | Found a shimmering altar of Xom.
  5833 | D:8      | Noticed VoidStrider's ghost (novice TeAE)
  5834 | D:8      | Noticed a +1 spear of chaos
  6040 | D:8      | Reached skill level 5 in Long Blades
  6346 | D:8      | Noticed Prince Ribbit
  6353 | D:8      | Killed Prince Ribbit
  6621 | D:8      | Slain by a +1 spear of chaos

Illustrated notes

Levels and vault maps discovered:
D:1:      co_arrival_hexagon_in_a_hexagon, layout_loops_corners,
          chequers_decorated_corner, minmay_unequal
D:2:      layout_loops_ring
D:3:      layout_rooms, uniq_jessica, uniq_grinder, uniq_terence
D:4:      layout_loops_corners, evilmike_ruin_ashenzari,
          mainiacjoe_overflow_swirl, uniq_sigmund, uniq_edmund
D:6:      layout_rooms, nicolae_qazlal_style_of_elements, enter_ossuary_2
D:7:      layout_loops_ring, kennysheep_big_empty_room, uniq_maggie
D:8:      black_bear_nest_1, layout_loops_corners, lemuel_crystal_altar,
          dpeg_oklobed_lair, ebering_ghost_xom, mrwooster_statue_mirror,
          skrybe_limestone_x, uniq_prince_ribbit1

Skill      XL: |  1  2  3  4  5  6  7  8  9 10 |
---------------+-------------------------------+-----
Stealth        | 2 3 4 |  4.3
Dodging        | 3 4 5 |  5.5
Fighting       | 1 2 4 6 7 |  7.8
Long Blades    | 2 3 4 5 |  5.2
Spellcasting   | 4 5 6 7 |  7.7
Conjurations   | 4 5 6 7 |  7.7
Hexes          | 4 5 6 7 |  7.7
Summonings     | 4 5 6 7 |  7.7
Necromancy     | 4 5 6 7 |  7.7
Translocations | 4 5 6 7 |  7.7
Fire Magic     | 4 5 6 7 |  7.7
Ice Magic      | 4 5 6 7 |  7.7
Air Magic      | 4 5 6 7 |  7.7
Earth Magic    | 4 5 6 7 |  7.7
Alchemy        | 4 5 6 7 |  7.7

Action                     |  1- 3 |  4- 6 |  7- 9 | 10-12 || total
---------------------------+-------+-------+-------+-------++-------
  Melee: Long sword        |       |    23 |    69 |    24 ||   116
         Punch             |       |     1 |     2 |       ||     3
   Cast: Foxfire           |    75 |    50 |   144 |    22 ||   291
         Scorch            |     5 |     9 |    49 |    22 ||    85
         Volatile Blastmot |       |       |    12 |     3 ||    15
         Flame Wave        |       |       |     1 |       ||     1
    Use: Potion            |       |     2 |       |       ||     2
         Scroll            |       |       |     8 |       ||     8
   Stab: Sleeping          |       |     1 |     3 |       ||     4
 Armour: Robe              |     7 |    15 |    36 |       ||    58
         Steam dragon scal |       |       |    14 |    31 ||    45
  Dodge: Dodged            |     5 |    28 |    92 |    28 ||   153
